 Dungeon Crawl Stone Soup version 0.29-a0-1033-gb6c65ffae6 (webtiles) character file.

Game seed: 10089841534219010734

100 wingedge the Shooter (level 5, -1/58 HPs)
             Began as a Human Wanderer on Aug 14, 2022.
             Slain by a goblin
             ... wielding a +0 club
             ... led by Robin
              (5 damage)
             ... on level 3 of the Dungeon.
             The game lasted 00:12:34 (3192 turns).

wingedge the Shooter (Human Wanderer)               Turns: 3192, Time: 00:12:35

Health: -1/58      AC: 22    Str: 16      XL:     5   Next: 3%
Magic:  11/15      EV:  2    Int:  6 (9)  God:
Gold:   110        SH:  0    Dex: 15 (16) Spells: 5/6 levels left

rFire   . . .      SeeInvis .   a - +1 sling (elec)
rCold   . . .      Faith    .   (no shield)
rNeg    . . .      Spirit   .   (body armour currently unavailable)
rPois   +          Reflect  .   (helmet currently unavailable)
rElec   .          Harm     .   (cloak currently unavailable)
rCorr   .          Rampage  .   (gloves currently unavailable)
Will    .....      NoTele   +   (boots currently unavailable)
Stlth   ++........              (no amulet)
HPRegen 0.19/turn               p - ring of magical power
MPRegen 0.14/turn               (no ring)

@: tree-form (expiring)
A: stationary, stasis, torment immunity, boosted hp, (fire resistance 1), strong
1
a: no special abilities


You were on level 3 of the Dungeon.
You were a tree.
You visited 1 branch of the dungeon, and saw 3 of its levels.

You collected 110 gold pieces.

Inventory:

Hand Weapons
 a - a +1 sling of electrocution (weapon)
 b - a +0 falchion
 h - a +0 short sword
 v - a +0 trident
Missiles
 w - a poisoned dart
Armour
 d - a +0 leather armour (melded)
 f - a scarf of resistance (melded)
 g - a +0 ring mail
 j - a +1 pair of boots (melded)
Jewellery
 p - a ring of magical power (left branch)
Scrolls
 k - 4 scrolls of teleportation
 q - a scroll of fear {unknown}
 t - a scroll of identify
 u - a scroll of poison {unknown}
Potions
 i - a potion of mutation


   Skills:
 + Level 2.3 Fighting
 - Level 4.0 Ranged Weapons
 - Level 1.0 Armour
 - Level 2.0 Stealth
 - Level 1.0 Spellcasting
 - Level 3.0 Poison Magic
 - Level 1.0 Invocations


You had 5 spell levels left.
You knew the following spells:

 Your Spells              Type           Power      Damage    Failure   Level
a - Sting                 Tmut/Pois      8%         1d3       24%         1

Your spell library contained the following spells:

 Spells                   Type           Power      Damage    Failure   Level
 Poisonous Vapours        Pois/Air       4%         N/A       36%         2
 Spider Form              Tmut/Pois      2%         N/A       58%         3
 Mephitic Cloud           Conj/Pois/Air  1%         N/A       65%         3
 Corpse Rot               Necr/Pois/Air  1%         N/A       96%         4


Dungeon Overview and Level Annotations

Branches:
Dungeon (3/15)

Altars:

Shops:
D:1 !


Innate Abilities, Weirdness & Mutations

You are a tree.
Your roots penetrate the ground, keeping you stationary.
You cannot be teleported.
You are immune to unholy pain and torment.
Your maximum health is greatly increased.
Your equipment is partially melded.
((Your flesh is heat resistant. (rF+)))
Your muscles are strong. (Str +4, Int/Dex -1)


Message History

As you read the scroll of brand weapon, it crumbles to dust.
Your +1 sling crackles with electricity.
a - a +1 sling of electrocution (weapon)
The goblin hits you but does no damage.
The hobgoblin hits you but does no damage.
The goblin hits you but does no damage.
The hobgoblin hits you but does no damage.
The goblin hits you but does no damage.
Fire: a) +1 sling (elec)
Press: ? - help, Q - select action, (/) - cycle Shift-Dir - straight line, f - Robin
Aim: Robin, wielding a +0 short sword, wearing a +0 animal skin and wearing a +0 helmet (almost dead, poisoned, 68% to hit)
You shoot a sling bullet. The sling bullet hits Robin.
You kill Robin!
The goblin hits you but does no damage. x3
The hobgoblin hits you but does no damage. x2
You have reached level 5!
Fire: a) +1 sling (elec)
Press: ? - help, Q - select action, (/) - cycle Shift-Dir - straight line, f - goblin
Aim: a goblin, wielding a +0 club (53% to hit)
You shoot a sling bullet. The sling bullet hits the goblin!
You kill the goblin!
The goblin hits you but does no damage.
The hobgoblin hits you but does no damage.
The goblin hits you but does no damage. The hobgoblin hits you.
* * * LOW HITPOINT WARNING * * *
Fire: a) +1 sling (elec)
Press: ? - help, Q - select action, (/) - cycle Shift-Dir - straight line, f - hobgoblin
Aim: a hobgoblin (strong, 60% to hit)
You shoot a sling bullet.
The sling bullet closely misses the hobgoblin.
Your transformation is almost over.
The goblin hits you but does no damage. The goblin barely misses you.
The hobgoblin hits you but does no damage. x2
Fire: a) +1 sling (elec)
Press: ? - help, Q - select action, (/) - cycle Shift-Dir - straight line, f/p - hobgoblin
Aim: a hobgoblin (strong, 60% to hit)
You shoot a sling bullet.
The sling bullet barely misses the hobgoblin.
The goblin hits you with a +0 club.
You die...

#....# ####....# #.......##
#........# #........#
#####........#
########.))#........#########
..g.>).'...gg)......'........
g.g#####...#♣.......###.#.###
####gg)......# #......
#...####### #.##.## #...#
#.##.# #...# #....## #...#
#...... #...# #...... #...#
#...... ....# #......


You could see 2 hobgoblins and 2 goblins.

Vanquished Creatures
  Robin (D:3)
  3 adders (D:2)
  2 worms
  3 dart slugs
  5 ball pythons
  3 endoplasms
  3 giant cockroaches
  3 hobgoblins
  4 kobolds
  A quokka (D:2)
  3 bats (D:1)
  A frilled lizard (D:2)
  12 goblins
  4 rats (D:2)
48 creatures vanquished.

Notes
Turn   | Place    | Note
-------+----------+-------------------------------------------
     0 | D:1      | wingedge the Human Wanderer began the quest for the Orb.
     0 | D:1      | wingedge set off with the following items: a +0 sling, a +0
                  | pair of boots, a potion of haste, a +0 leather armour; and
                  | the following spell memorised: Sting; and the following
                  | spells available to memorise: Spider Form, Mephitic Cloud.
     0 | D:1      | Reached XP level 1. HP: 15/15 MP: 2/2
   187 | D:1      | Reached XP level 2. HP: 12/21 MP: 3/3
   490 | D:1      | Found Tepnob Kiocu's Distillery.
   610 | D:1      | Reached skill level 3 in Ranged Weapons
   861 | D:1      | Reached XP level 3. HP: 26/26 MP: 4/4
  1450 | D:2      | Gained mutation: Your flesh is heat resistant. (rF+)
                  | [potion of mutation]
  1450 | D:2      | Gained mutation: Your muscles are strong. (Str +4, Int/Dex
                  | -1) [potion of mutation]
  1534 | D:2      | Found a faded altar of an unknown god.
  1670 | D:2      | Reached XP level 4. HP: 25/33 MP: 5/5
  2024 | D:2      | Reached skill level 1 in Armour
  3149 | D:3      | Noticed Robin
  3163 | D:3      | Reached skill level 4 in Ranged Weapons
  3189 | D:3      | Killed Robin
  3190 | D:3      | Reached XP level 5. HP: 5/39 MP: 6/6
  3192 | D:3      | Slain by a goblin

Illustrated notes

Levels and vault maps discovered:
D:1:      tarquinn_simple_flora_water_b, layout_loops_ring, serial_shops,
          nicolae_shop_waterfront, minmay_3d_cube
D:2:      layout_basic, hellmonk_ecumenical_altar_leap_of_faith, st_stairs_4
D:3:      layout_basic, uniq_robin

Skill      XL: |  1  2  3  4 |
---------------+-------------+-----
Ranged Weapons | 3 4 |  4.0
Fighting       | 2 |  2.3
Armour         | 1 |  1.0
Stealth        | |  2.0
Spellcasting   | |  1.0
Poison Magic   | |  3.0
Invocations    | |  1.0

Action                   |  1- 3 |  4- 6 || total
-------------------------+-------+-------++-------
Melee: Falchion          |     9 |       ||     9
 Fire: Sling             |   125 |    67 ||   192
Throw: Dart              |       |     8 ||     8
 Cast: Sting             |       |     6 ||     6
  Use: Potion            |     2 |     4 ||     6
       Scroll            |       |    10 ||    10
Armor: Leather armour    |     6 |    12 ||    18
       Ring mail         |    26 |     6 ||    32
       Skin              |       |    75 ||    75
Dodge: Dodged            |    37 |    36 ||    73

Table legend: (Time is in decaauts)
 A = Elapsed time spent in this place.
 B = Non-inter-level travel time spent in this place.
 C = Inter-level travel time spent in this place.
 D = Time resting spent in this place.
 E = Time spent auto-exploring this place.
 F = Levels seen in this place.
 G = Mean time per level.
                   A        B        C        D        E       F      G
               +--------+--------+--------+--------+--------+-----+--------+
         Total |   3231 |   3144 |     87 |    628 |   1950 |   3 | 1077.0 |
       Dungeon |   3231 |   3144 |     87 |    628 |   1950 |   3 | 1077.0 |
               +--------+--------+--------+--------+--------+-----+--------+

Top non-repeatable levels by time:
     D:1: 1396 daAuts
     D:2: 1316 daAuts
     D:3: 518 daAuts
